 Dungeon Crawl Stone Soup version 0.31.0-11-ge490571c62 (webtiles) character file.

Game seed: 5765352337152189604

557 SnakkuSnakku7 the Cudgeller (level 7, -3/45 HPs)
             Began as a Djinni Chaos Knight on Jan 28, 2024.
             Was a Plaything of Xom.
             Slain by a bullfrog (7 damage)
             ... on level 6 of the Dungeon.
             The game lasted 00:05:17 (2794 turns).

SnakkuSnakku7 the Cudgeller (Djinni Chaos Knight)   Turns: 2794, Time: 00:05:17

Health: -3/45      AC:  5    Str: 17    XL:     7   Next: 56%
Gold:   230        EV: 12    Int: 12    God:    Xom [*.....] SH:  0 Dex: 20

rFire   + + .        a - +1 mace (chaos)
rCold   x . .        (no shield)
rNeg    . . .        b - +2 leather armour
rPois   ∞            (no helmet)
rElec   .            (no cloak)
rCorr   .            (no gloves)
SInv    .            (boots unavailable)
Will    .....        n - amulet of the acrobat
Stlth   ++           i - +6 ring of strength
HPRegen 0.00/turn    (no ring)
MPRegen 0.00/turn

%: acrobat, infuse magic (-4 HP)
@: flying, inhibited regen
A: sickness immunity, fire resistance 2, cold vulnerability 1, float, innate
caster, HP casting, extra vitality 1, camouflage 1, agile 2, frail 1, inhibited
regeneration, teleportitis 1
a: Renounce Religion


You were on level 6 of the Dungeon.
You worshipped Xom.
You were a special plaything of Xom.
You visited 1 branch of the dungeon, and saw 6 of its levels.

You collected 230 gold pieces.

Inventory:

Hand Weapons
 a - a +1 mace of chaos (weapon)
Armour
 b - a +2 leather armour (worn)
Jewellery
 i - a +6 ring of strength (left hand)
 n - an amulet of the acrobat (around neck)
Wands
 s - a wand of flame (32)
Scrolls
 c - a scroll of immolation
 l - a scroll of identify
Potions
 h - 2 potions of curing {unknown}
 j - 2 potions of mutation {unknown}
 k - a potion of heal wounds {unknown}
 m - a potion of brilliance {unknown}
 o - a potion of ambrosia
 q - a potion of might
 r - a potion of magic


   Skills:
 - Level 3.0 Fighting
 + Level 6.8 Maces & Flails
 - Level 1.0 Armour
 - Level 2.1 Dodging


You knew the following spells:

 Your Spells              Type           Power      Damage    Failure   Level
a - Sandblast             Erth           0%         2d4       36%         1
b - Call Imp              Summ           0%         N/A       52%         2
c - Lesser Beckoning      Tloc           0%         N/A       52%         2
Your spell library was empty.

Dungeon Overview and Level Annotations

Branches:
Dungeon (6/15)             Temple (0/1) D:4

Altars:
Ashenzari
Fedhas
Nemelex Xobeh
Okawaru
Trog
Uskayaw

Shops:
D:5 (

Annotations:
D:5 Edmund, Pikel


Innate Abilities, Weirdness & Mutations

You are immune to sickness and miasma.
You are immune to poison.
Your flesh is very heat resistant. (rF++)
You are vulnerable to cold. (rC-)
You float through the air rather than walking.
You learn spells naturally, not from books.
Your magical power is your life essence.
You have superior vitality. (+4 MHP)
Your skin changes colour to match your surroundings (Stealth+).
You are very agile. (Dex +8, Str/Int -2)
You are frail. (-10% HP)
You do not regenerate when monsters are visible.
You are occasionally teleported next to monsters.


Message History

As you read the scroll labelled DIAFAE VANIZ, it crumbles to dust.
It was a scroll of poison.
The lemure shouts!
The scorpion closely misses you. The scorpion attacks as it pursues you!
The scorpion misses you.
As you read the scroll labelled FOLIAK ACONKARPH, it crumbles to dust.
You hear a loud clanging noise!
It was a scroll of noise.
You hear an angry hiss.
You hear a shout!
You hear an angry growl.
Unknown command.
As you read the scroll labelled ZIWAIZOEJY, it crumbles to dust.
It is a scroll of enchant weapon.
Your +0 mace of chaos glows red for a moment. "This might be better!"
The scorpion seems to grow stronger.
As you read the scroll of identify, it crumbles to dust.
o - a potion of ambrosia The scorpion seems to regain its courage.
As you read the scroll of identify, it crumbles to dust.
q - a potion of might
Okay, then.
The scorpion closely misses you. The scorpion completely misses you.
Found a stone staircase leading down.
Xom opens a gate.
You swap places.
There is a stone staircase leading down here.
You fly downwards.
There is a stone staircase leading up here.
A bullfrog is nearby!
The helpless bullfrog fails to defend itself.
You hit the bullfrog.
The bullfrog seems to speed up.
The bullfrog is lightly wounded.
The bullfrog misses you. x2
You sock the bullfrog!
The bullfrog is poisoned.
The bullfrog is heavily wounded.
The bullfrog hits you.
* * * LOW HITPOINT WARNING * * *
The bullfrog hits you!
You die...

#.#
..#
#.#
..#
#.#
#.#
#F#
#@#
#.#
#.#
#.#
#.#
#.#
#.#
#.#


You could see a bullfrog (fast, very poisoned).

Vanquished Creatures
  Sigmund (D:2)
  A howler monkey (D:4)
  A bombardier beetle (D:4)
  A hound (D:4)
  Jessica (D:2)
  Natasha (twice) (D:3)
  A sleepcap (D:4)
  3 gnolls (D:3)
  5 adders
  3 dart slugs
  2 ribbon worms
  13 endoplasms
  3 giant cockroaches
  12 goblins
  9 hobgoblins
  16 jackals
  6 quokkas
  5 ball pythons
  6 bats
  8 frilled lizards
  6 kobolds
  6 rats
111 creatures vanquished.

Notes
Turn   | Place    | Note
-------+----------+-------------------------------------------
     0 | D:1      | SnakkuSnakku7 the Djinni Chaos Knight began the quest for
                  | the Orb.
     0 | D:1      | Reached XP level 1. HP: 20/20 MP: 0/0
   102 | D:1      | XOM: potion effect (brilliance)
   147 | D:1      | Reached XP level 2. HP: 22/25 MP: 0/0
   155 | D:1      | Reached skill level 3 in Maces & Flails
   228 | D:1      | XOM: butterfly on damage
   242 | D:1      | Reached XP level 3. HP: 12/30 MP: 0/0
   242 | D:1      | Learned a level 1 spell: Sandblast
   344 | D:1      | XOM: divination: magic mapping
   677 | D:2      | XOM: stealth player
   802 | D:2      | Reached XP level 4. HP: 34/35 MP: 0/0
   805 | D:2      | Noticed Natasha
   806 | D:2      | XOM: divination: detect creatures
   820 | D:3      | Killed Natasha
   821 | D:3      | Reached skill level 4 in Maces & Flails
   854 | D:2      | Noticed Jessica
   859 | D:2      | XOM: noise
   863 | D:2      | Killed Jessica
   864 | D:2      | Reached XP level 5. HP: 34/40 MP: 0/0
   864 | D:2      | Learned a level 2 spell: Call Imp
   903 | D:2      | Noticed Sigmund
   906 | D:2      | XOM: potion effect (curing)
   911 | D:2      | Killed Sigmund
   912 | D:2      | Reached skill level 5 in Maces & Flails
   912 | D:2      | Reached XP level 6. HP: 38/46 MP: 0/0
  1169 | D:3      | Found a hide-covered altar of Uskayaw.
  1254 | D:3      | XOM: silly message
  1319 | D:3      | Noticed Natasha
  1347 | D:3      | XOM: divination: magic mapping
  1349 | D:3      | XOM: 1-stop teleportation journey
  1382 | D:3      | Found an iron altar of Okawaru.
  1383 | D:3      | Found a broken altar of Ashenzari.
  1384 | D:3      | Found a sparkling altar of Nemelex Xobeh.
  1385 | D:3      | Found a blossoming altar of Fedhas.
  1388 | D:3      | Found a bloodstained altar of Trog.
  1400 | D:3      | Found a faded altar of an unknown god.
  1513 | D:3      | Natasha changed into Natasha the rat
  1513 | D:3      | Noticed Natasha
  1513 | D:3      | XOM: polymorph Natasha -> Natasha the rat
  1518 | D:3      | Killed Natasha the rat
  1569 | D:3      | Noticed Natasha
  1576 | D:3      | Killed Natasha
  1695 | D:3      | XOM: 1-stop teleportation journey
  1699 | D:3      | XOM: summons 4 hostile demons
  1700 | D:3      | Noticed a sun demon
  1700 | D:3      | Noticed a ynoxinul
  1878 | D:3      | Reached skill level 6 in Maces & Flails
  1891 | D:3      | XOM: butterfly on damage
  1893 | D:3      | Reached XP level 7. HP: 31/50 MP: 0/0
  1893 | D:3      | Learned a level 2 spell: Lesser Beckoning
  2034 | D:4      | Found a staircase to the Ecumenical Temple.
  2149 | D:4      | XOM: noise
  2176 | D:4      | XOM: 1-stop teleportation journey
  2297 | D:4      | XOM: give mutations
  2297 | D:4      | Gained mutation: You are occasionally teleported next to
                  | monsters. [Xom's mischief]
  2297 | D:4      | Gained mutation: You do not regenerate when monsters are
                  | visible. [Xom's mischief]
  2297 | D:4      | Gained mutation: You are frail. (-10% HP) [Xom's mischief]
  2419 | D:4      | XOM: 3-stop teleportation journey
  2635 | D:4      | XOM: god gift: scroll labelled OCHITU TYETY {god gift}
  2667 | D:4      | XOM: give mutations
  2667 | D:4      | Gained mutation: Your skin changes colour to match your
                  | surroundings (Stealth+). [Xom's grace]
  2667 | D:4      | Gained mutation: You are agile. (Dex +4, Str/Int -1) [Xom's
                  | grace]
  2667 | D:4      | Gained mutation: You are very agile. (Dex +8, Str/Int -2)
                  | [Xom's grace]
  2712 | D:5      | Entered Level 5 of the Dungeon
  2726 | D:5      | Noticed Pikel
  2726 | D:5      | Noticed Edmund
  2727 | D:5      | XOM: noise
  2738 | D:5      | Pikel changed into Pikel the iguana
  2738 | D:5      | Noticed Pikel
  2738 | D:5      | XOM: polymorph Pikel -> Pikel the iguana
  2762 | D:5      | Found Lecatuib's Weapon Shoppe.
  2770 | D:5      | XOM: 1-stop teleportation journey
  2776 | D:5      | XOM: enchant monster (bad)
  2783 | D:5      | XOM: summons friendly ufetubus
  2794 | D:6      | Slain by a bullfrog

Illustrated notes

Levels and vault maps discovered:
D:1:      minmay_arrival_jagged, layout_rooms, minmay_vboxes
D:2:      layout_basic, minmay_split_cup_small, uniq_natasha, uniq_jessica,
          uniq_sigmund
D:3:      layout_rooms, nicolae_overflow_hallway_of_the_gods,
          nicolae_uskayaw_murder_on_the_dancefloor,
          hellmonk_ecumenical_altar_blasted
D:4:      layout_loops_ring, minmay_temple_entry_offerings, grunt_ministairs_14
D:5:      layout_loops_ring, serial_shops, nicolae_shop_bloodbath_and_beyond,
          shop, nicolae_shop_behind_doors, kennysheep_cluttered_room,
          minmay_circle_x, uniq_edmund, uniq_crazy_yiuf_cottage, uniq_pikel
D:6:      layout_loops_ring, minmay_misc_feat_iff

Skill      XL: |  1  2  3  4  5  6 |
---------------+-------------------+-----
Maces & Flails | 3 4 5 6 |  6.8
Fighting       | |  3.0
Armour         | |  1.0
Dodging        | |  2.1

Action                     |  1- 3 |  4- 6 |  7- 9 || total
---------------------------+-------+-------+-------++-------
  Melee: Mace              |   121 |   115 |    87 ||   323
         Punch             |     1 |     2 |     1 ||     4
    Use: Scroll            |       |     2 |    10 ||    12
   Stab: Sleeping          |     3 |       |     1 ||     4
         Paralysed         |     1 |       |       ||     1
 Armour: Leather armour    |    73 |    84 |    38 ||   195
  Dodge: Dodged            |    82 |   136 |    79 ||   297
